 Dungeon Sprint DCSS version 0.28.0-43-g3370ac3207 (webtiles) character file.

Game seed: 8513409840787236053

1241 boopmooplesden the Cleaver (level 8, 0/76 HPs)
             Began as a Minotaur Berserker on Mar 24, 2022.
             Was a High Priest of Trog.
             Collided with an unnaturally hard rock wall (11 damage)
             ... caused by Erica
             ... in the Dungeon (Sprint III: "The Ten Rune Challenge").
             The game lasted 00:02:34 (1026 turns).

boopmooplesden the Cleaver (Minotaur Berserker)     Turns: 1026, Time: 00:02:35

Health: 0/76       AC: 10    Str: 23    XL:     8   Next: 25%
Magic:  6/6        EV: 13    Int:  4    God:    Trog [*****.]
Gold:   47         SH:  0    Dex: 11    Spells: 7/7 levels left

rFire   . . .      SeeInvis .   a - +0 hand axe
rCold   . . .      Faith    .   (no shield)
rNeg    . . .      Spirit   .   q - +0 ring mail
rPois   +          Reflect  .   (helmet restricted)
rElec   .          Harm     .   j - +0 cloak
rCorr   .          Rampage  .   (no gloves)
Will    .....      NoTele   +   (no boots)
Stlth   +.........              (no amulet)
HPRegen 0.22/turn               (no ring)
MPRegen 0.10/turn               (no ring)

@: on berserk cooldown, hasted and slowed
A: horns 2, retaliatory headbutt, hooves 1, iridescent scales 1, frail 1, low MP
1, poison resistance
a: Renounce Religion, Berserk, Trog's Hand, Brothers in Arms


You were in the Dungeon.
You worshipped Trog.
Trog was extremely pleased with you.
You visited 1 branch You collected 47 gold pieces.

Inventory:

Hand Weapons
 a - a +0 hand axe (weapon)
 r - a +0 hand crossbow
 s - a +0 long sword of holy wrath
Missiles
 i - 3 poisoned darts (quivered)
Armour
 b - a +0 animal skin
 j - a +0 cloak (worn)
 q - a +0 ring mail (worn)
Wands
 k - a wand of flame (21)
Scrolls
 h - a scroll of blinking
 l - a scroll of holy word {unknown}
 m - 3 scrolls of identify
 o - a scroll of immolation {unknown}
Potions
 c - a potion of curing
 d - 2 potions of heal wounds
 f - 2 potions of magic
 g - 2 potions of berserk rage
 n - 3 potions of flight
 p - a potion of might
Miscellaneous
 t - a condenser vane


   Skills:
 + Level 12.4 Fighting
 + Level 14.7 Axes
 + Level 7.4 Armour
 + Level 8.0 Dodging
 + Level 1.7 Stealth


You had 7 spell levels left.
You didn't know any spells.
Your spell library was empty.

Dungeon Overview and Level Annotations

Branches:
Dungeon (1/1)

Altars:
Cheibriados
Dithmenos
Elyvilon
Fedhas
Gozag
Hepliaklqana
Kikubaaqudgha
Makhleb
Nemelex Xobeh
Okawaru
Qazlal
Ru
Sif Muna
Trog
Uskayaw
Vehumet
Wu Jian
Xom
Yredelemnul
Zin
The Shining One
Beogh
Jiyva
Lugonu

Annotations:
D Erica


Innate Abilities, Weirdness & Mutations

You have a pair of horns on your head.
You reflexively headbutt those who attack you in melee.
You have large cloven feet.
You are partially covered in iridescent scales. (AC +2)
You are frail. (-10% HP)
Your magical capacity is low. (-10% MP)
Your system is resistant to poisons. (rPois)


Message History

Erica hits you with a +3 scimitar of flaming!
Erica burns you. Erica misses you. You furiously retaliate!
You headbutt Erica, but do no damage. You barely miss Erica.
Your kick misses Erica.
Erica hits you with a +3 scimitar of flaming!
Erica burns you.
You slash Erica! Your kick misses Erica.
Erica is lightly wounded.
Erica splashes around in the water.
You slash Erica!
Erica is moderately wounded.
Erica closely misses you.
You slash Erica! Your kick misses Erica. Your headbutt misses Erica.
Erica is heavily wounded.
Erica splashes around in the water.
Your unstable footing causes you to fumble your attack.
Erica closely misses you. You furiously retaliate!
You headbutt Erica! You barely miss Erica. Your headbutt misses Erica.
Erica is heavily wounded.
Erica hits you with a +3 scimitar of flaming.
Erica burns you.
Your unstable footing causes you to fumble your attack.
Erica points at you and mumbles some strange words.
The lance of force hits you!
* * * LOW HITPOINT WARNING * * *
You are knocked back by the lance of force.
You slam into the unnaturally hard rock wall!
* * * LOW HITPOINT WARNING * * *
You feel much better.
Nothing appears to happen.
Unknown command.
You feel yourself speed up.
Erica hits you with a +3 scimitar of flaming!
Erica burns you. Erica casts a spell at you. The lance of force hits you!
* * * LOW HITPOINT WARNING * * *
You are knocked back by the lance of force.
You slam into the unnaturally hard rock wall!
You die...

.###'#'###)##
.#..........#
.'.⌠........#
.#...######'#
.#)⌠.#__#...#+#####
.#...#__#...#.§§§§+
.#)###__#...#.#§§§#
.#.::#__#...'.#§@§#
.#___#__'...#.#§@§#
▓▓▓▓▓▓▓▓▓▓▓▓▓▓▓▓▓▓▓


You could see Erica.

Vanquished Creatures
  A deep elf pyromancer (D)
  A shadow (D)
  A spatial vortex (D)
  A necrophage (D)
  A water elemental (D)
  A jelly (D)
  Crazy Yiuf (D)
  A necromancer (D)
  A wizard (D)
  A kobold demonologist (D)
  3 humans (D)
  An endoplasm (D)
  3 rats (D)
17 creatures vanquished.

Notes
Turn   | Place    | Note
-------+----------+-------------------------------------------
     0 | D        | boopmooplesden the Minotaur Berserker began the quest for
                  | the Orb.
     0 | D        | Reached XP level 1. HP: 19/19 MP: 0/0
     8 | D        | Reached skill level 4 in Axes
    16 | D        | Reached ** piety under Trog
    49 | D        | Reached skill level 5 in Fighting
    49 | D        | Reached skill level 5 in Axes
    49 | D        | Reached XP level 2. HP: 9/29 MP: 1/1
   233 | D        | Noticed Crazy Yiuf
   238 | D        | Killed Crazy Yiuf
   239 | D        | Reached skill level 6 in Axes
   239 | D        | Reached XP level 3. HP: 37/37 MP: 2/2
   268 | D        | Gained mutation: Your system is resistant to poisons.
                  | (rPois) [potion of mutation]
   268 | D        | Gained mutation: You are robust. (+10% HP) [potion of
                  | mutation]
   268 | D        | Gained mutation: You have large cloven feet. [potion of
                  | mutation]
   280 | D        | Lost mutation: Your system is resistant to poisons. (rPois)
                  | [potion of mutation]
   280 | D        | Lost mutation: You are robust. (+10% HP) [potion of
                  | mutation]
   280 | D        | Gained mutation: You sometimes lose the ability to read
                  | scrolls when taking damage. [potion of mutation]
   280 | D        | Gained mutation: Your magical capacity is low. (-10% MP)
                  | [potion of mutation]
   280 | D        | Gained mutation: You are strong-willed. (Will+) [potion of
                  | mutation]
   281 | D        | Lost mutation: You are strong-willed. (Will+) [potion of
                  | mutation]
   281 | D        | Lost mutation: You sometimes lose the ability to read
                  | scrolls when taking damage. [potion of mutation]
   281 | D        | Gained mutation: You are frail. (-10% HP) [potion of
                  | mutation]
   281 | D        | Gained mutation: You have hidden genetic potential. [potion
                  | of mutation]
   285 | D        | Noticed a water elemental
   289 | D        | Killed a water elemental
   290 | D        | Reached skill level 7 in Axes
   290 | D        | Reached XP level 4. HP: 42/42 MP: 2/2
   297 | D        | Gained mutation: Your system is resistant to poisons.
                  | (rPois) [hidden potential]
   304 | D        | Found a basalt altar of Yredelemnul.
   304 | D        | Found a shadowy altar of Dithmenos.
   304 | D        | Found a sacrificial altar of Ru.
   304 | D        | Noticed a necrophage
   309 | D        | Reached *** piety under Trog
   310 | D        | Reached skill level 8 in Axes
   317 | D        | Killed a necrophage
   318 | D        | Reached skill level 9 in Axes
   318 | D        | Reached skill level 5 in Armour
   318 | D        | Reached skill level 5 in Dodging
   318 | D        | Reached XP level 5. HP: 18/50 MP: 3/3
   328 | D        | Gained mutation: You are partially covered in iridescent
                  | scales. (AC +2) [hidden potential]
   328 | D        | Lost mutation: You have hidden genetic potential. [hidden
                  | potential expressed]
   515 | D        | Found a hide-covered altar of Uskayaw.
   515 | D        | Found an iron altar of Okawaru.
   516 | D        | Found a bloodstained altar of Trog.
   516 | D        | Found an ornate altar of the Wu Jian Council.
   516 | D        | Noticed a human
   516 | D        | Noticed a human
   520 | D        | Killed a human
   521 | D        | Reached skill level 11 in Axes
   521 | D        | Reached XP level 6. HP: 59/59 MP: 4/4
   523 | D        | Killed a human
   523 | D        | Reached **** piety under Trog
   524 | D        | Reached skill level 10 in Fighting
   524 | D        | Reached skill level 12 in Axes
   524 | D        | Reached skill level 1 in Stealth
   577 | D        | Found a radiant altar of Vehumet.
   577 | D        | Found a shimmering blue altar of Sif Muna.
   577 | D        | Found an ancient bone altar of Kikubaaqudgha.
   578 | D        | Noticed a hellwing
   586 | D        | Reached XP level 7. HP: 65/65 MP: 5/5
   737 | D        | Found a glowing silver altar of Zin.
   737 | D        | Found a glowing golden altar of the Shining One.
   737 | D        | Found a white marble altar of Elyvilon.
   738 | D        | Noticed a deep elf pyromancer
   749 | D        | Killed a deep elf pyromancer
   749 | D        | Reached ***** piety under Trog
   750 | D        | Reached skill level 14 in Axes
   796 | D        | Noticed a shadow
   802 | D        | Killed a shadow
   803 | D        | Reached XP level 8. HP: 48/74 MP: 6/6
   848 | D        | Found a blossoming altar of Fedhas.
   848 | D        | Found a stormy altar of Qazlal.
   848 | D        | Found a snail-covered altar of Cheibriados.
   848 | D        | Found a burning altar of Makhleb.
   848 | D        | Found a shimmering altar of Xom.
   849 | D        | Found a hazy altar of Hepliaklqana.
   849 | D        | Found an opulent altar of Gozag.
   849 | D        | Found a sparkling altar of Nemelex Xobeh.
   849 | D        | Found a corrupted altar of Lugonu.
   849 | D        | Found a viscous altar of Jiyva.
  1007 | D        | Noticed Erica
  1026 | D        | Collided with an unnaturally hard rock wall

Illustrated notes

Levels and vault maps discovered:
D:        dungeon_sprint_mu [sprint_mu_entry_forest, sprint_mu_temple_rooms,
          sprint_mu_d1_horrors, sprint_mu_d2_genie, sprint_mu_d3_branching,
          sprint_mu_orc_legion, sprint_mu_elf_gauntlet, sprint_mu_hive_nellie,
          sprint_mu_lair_fedhas, sprint_mu_vaults_butterflies,
          sprint_mu_slime_circle, sprint_mu_swamp_cave, sprint_mu_shoals_archi,
          sprint_mu_blade_basic, sprint_mu_crypt_fortress,
          sprint_mu_tomb_spiral, sprint_mu_vestibule_basic,
          sprint_mu_gehenna_hellfire, sprint_mu_dis_giant,
          sprint_mu_tartarus_statrot, sprint_mu_cocytus_islands, sprint_mu_zot1]

Skill      XL: |  1  2  3  4  5  6  7  8 |
---------------+-------------------------+-----
Fighting       | 5 6 7 8 9 10 12 | 12.4
Axes           | 5 6 7 9 11 12 14 | 14.7
Armour         | 3 4 5 7 |  7.4
Dodging        | 3 4 5 6 7 8 |  8.0
Stealth        | 1 |  1.7

Action                   |  1- 3 |  4- 6 |  7- 9 || total
-------------------------+-------+-------+-------++-------
Melee: Hand axe          |    19 |    24 |    27 ||    70
       Headbutt          |     2 |     3 |     4 ||     9
       Kick              |       |     4 |     4 ||     8
Invok: Berserk           |     3 |     2 |     4 ||     9
Evoke: Condenser vane    |       |       |     1 ||     1
  Use: Potion            |     3 |       |     2 ||     5
Armor: Animal skin       |     1 |     1 |       ||     2
       Ring mail         |       |       |     2 ||     2
Dodge: Dodged            |    10 |    11 |    10 ||    31
